 Dungeon Crawl Stone Soup version 0.28.0-45-g0d030f2227 (webtiles) character file.

Game seed: 2625061935317933958

4 MalarOregon the Skirmisher (level 1, -1/19 HPs)
             Began as a Palentonga Fighter on Apr 21, 2022.
             Frozen to death by an endoplasm (2 damage)
             ... on level 1 of the Dungeon.
             The game lasted 00:00:35 (164 turns).

MalarOregon the Skirmisher (Palentonga Fighter)      Turns: 164, Time: 00:00:36

Health: -1/19      AC:  6    Str: 19    XL:     1   Next: 58%
Magic:  1/1        EV:  7    Int:  8    God:
Gold:   10         SH:  4    Dex:  9    Spells: 0/0 levels left

rFire   . . .      SeeInvis +   a - +0 flail
rCold   . . .      Faith    .   c - +0 buckler
rNeg    . . .      Spirit   .   b - +0 scale mail
rPois   .          Reflect  .   (no helmet)
rElec   .          Harm     .   (no cloak)
rCorr   .          Rampage  .   (no gloves)
Will    .....                   (no barding)
Stlth   ..........              (no amulet)
HPRegen 0.06/turn               (no ring)
MPRegen 0.07/turn               (no ring)

@: no status effects
A: large, rugged brown scales 3, see invisible, deformed body, roll 1, armoured
tail
a: Rolling Charge


You were on level 1 of the Dungeon.
You visited 1 branch of the dungeon, and saw 1 of its levels.

You collected 10 gold pieces.


Innate Abilities, Weirdness & Mutations

You are completely covered in rugged brown scales. (AC +3, +7% HP)
You have supernaturally acute eyesight. (SInv)
Armour fits poorly on your strangely shaped body.
You can roll at nearby foes to attack.
You have a long armoured tail.


   Skills:
 * Level 3.0 Fighting
 * Level 2.1 Maces & Flails
 + Level 2.4 Armour
 + Level 0.1 Dodging
 * Level 2.4 Shields
 * Level 0.2 Spellcasting


You couldn't memorise any spells.
You didn't know any spells.
Your spell library was empty.

Inventory:

Hand Weapons
 a - a +0 flail (weapon)
Armour
 b - a +0 scale mail (worn)
 c - a +0 buckler (worn)
Potions
 d - a potion of might

Dungeon Overview and Level Annotations

Branches:
Dungeon (1/15)

Altars:

.⌠...⌠...⌠...⌠..##
.................##
...⌠.......⌠..(...#
.......⌠.......^..#
.................##
##########.########## ##
....#..###.# §###...
....#......# ##J§...#
.......##### #@l§#
.......#########S###
....##†........#J#####..
....)..........wg.......
....####.........#####.#
....# #.........# ....#
#...........w.... ....#
#......#####...## ....#
#......# ....


You could see 2 endoplasms, a ball python and a frilled lizard.


Message History

Welcome, MalarOregon the Palentonga Fighter.
The heart of this dungeon contains the sublime artefact, the Orb of Zot.
Press ? for a list of commands and other information.
Found a scroll labelled ATUPIN IKLOASTRE.
Found an escape hatch in the floor.
Found a staircase leading out of the dungeon.
Found 22 stones.
There is a fountain of clear blue water here.
e - a scroll labelled ATUPIN IKLOASTRE
There is a dry fountain here.
Found 10 gold pieces. 2 hobgoblins come into view.
The hobgoblin shouts! x2; You hear a shout!
A hobgoblin comes into view.
A kobold comes into view. It is wielding a +0 short sword.
The kobold shouts!
You block the hobgoblin's attack.
The hobgoblin hits you but does no damage.
You block the hobgoblin's attack.
You hit the hobgoblin.
You kill the hobgoblin!
The hobgoblin hits you but does no damage.
You closely miss the hobgoblin. The hobgoblin closely misses you.
You closely miss the hobgoblin. You tail-slap the hobgoblin.
The hobgoblin closely misses you. You block the hobgoblin's attack.
The hobgoblin hits you.
You sock the hobgoblin!
You kill the hobgoblin!
The hobgoblin barely misses you.
You hit the kobold.
You kill the kobold!
The hobgoblin hits you.
You sock the hobgoblin!
You kill the hobgoblin!
No target in view!
No target in view!
You start resting.
Items here: ) †††.
You now have 10 gold pieces.
Items here: ) †††.
A hobgoblin comes into view.
The hobgoblin shouts!
A hobgoblin is nearby!
A hobgoblin is nearby!
A ball python comes into view.
An endoplasm comes into view.
The endoplasm quivers.
The hobgoblin hits you.
You barely miss the hobgoblin.
Your tail-slap misses the hobgoblin.
The hobgoblin hits you but does no damage.
The hobgoblin hits you.
You closely miss the ball python.
The ball python bites you but does no damage.
A dart slug comes into view.
The hobgoblin hits you. You block the ball python's attack.
You barely miss the ball python. The ball python barely misses you.
The hobgoblin hits you.
You hit the ball python. The ball python bites you.
* * * LOW HITPOINT WARNING * * *
The hobgoblin barely misses you. You block the ball python's attack.
The hobgoblin barely misses you. The ball python bites you.
* * * LOW HITPOINT WARNING * * *
A bat comes into view.
The ball python bites you but does no damage.
The bat moves out of view.
The ball python bites you but does no damage.
A frilled lizard and an endoplasm come into view.
The frilled lizard hisses angrily.
You closely miss the ball python.
The ball python bites you but does no damage.
You closely miss the ball python.
Your tail-slap misses the ball python.
You block the ball python's attack.
The ball python bites you but does no damage.
You closely miss the frilled lizard.
Your tail-slap misses the frilled lizard.
The ball python barely misses you. You block the frilled lizard's attack.
The ball python bites you.
* * * LOW HITPOINT WARNING * * *
The frilled lizard barely misses you.
You hit the endoplasm. The ball python bites you.
* * * LOW HITPOINT WARNING * * *
The frilled lizard barely misses you. The endoplasm closely misses you.
The dart slug briefly extends its eye-stalks.
You closely miss the frilled lizard. You block the ball python's attack.
You block the frilled lizard's attack.
The endoplasm hits you but does no damage.
The ball python bites you but does no damage.
The frilled lizard closely misses you. The endoplasm freezes you.
You are frozen.
* * * LOW HITPOINT WARNING * * *
As you read the scroll labelled ATUPIN IKLOASTRE, it crumbles to dust.
The scroll dissolves into smoke.
It was a scroll of fog.
The ball python bites you but does no damage.
The endoplasm jiggles.
You block the frilled lizard's attack. The endoplasm freezes you.
You are frozen.
You die...

Action                   || total
-------------------------++-------
Melee: Flail             ||    15
       Tailslap          ||     1
  Use: Scroll            ||     1
Armor: Scale mail        ||    11
Dodge: Dodged            ||    11
Block: Buckler           ||    10

Levels and vault maps discovered:
D:1:      dpeg_arrival_lava_temple_mockup, layout_rooms,
          ebering_ecumenical_altar_webs, serial_bayou_lagoon_a,
          nicolae_figureground_sparkle

Notes
Turn   | Place    | Note
-------+----------+-------------------------------------------
     0 | D:1      | MalarOregon the Palentonga Fighter began the quest for the
                  | Orb.
     0 | D:1      | Reached XP level 1. HP: 19/19 MP: 1/1
   160 | D:1      | HP: 4/19 [ball python (1)]
   163 | D:1      | HP: 1/19 [frozen (2)]
   164 | D:1      | Frozen to death by an endoplasm

Vanquished Creatures
  3 hobgoblins (D:1)
  A kobold (D:1)
4 creatures vanquished.

Table legend:
 A = Non-vault XP
 B = Vault XP
 C = Vault XP percentage of total XP
 D = Non-vault monster count
 E = Vault monster count
 F = Vault count percentage of total count
                 A         B        C        D         E       F
            +---------+---------+-------+---------+---------+-------
      Total |       7 |       0 |   0.0 |       4 |       0 |   0.0
            +---------+---------+-------+---------+---------+-------
        D:1 |       7 |       0 |   0.0 |       4 |       0 |   0.0
            +---------+---------+-------+---------+---------+-------

Illustrated notes

Table legend:
 A = Kills in this place as a percentage of kills in entire the game.
 B = Kills by you in this place as a percentage of kills by you in the entire game.
 C = Kills by friends in this place as a percentage of kills by friends in the entire game.
 D = Other kills in this place as a percentage of other kills in the entire game.
 E = Experience gained in this place as a percentage of experience gained in the entire game.
 F = Experience gained in this place divided by the number of levels of this place that you have seen.
                   A       B       C       D       E      F
               +-------+-------+-------+-------+-------+----------------------
         Total | 100.0 | 100.0 |   N/A |   N/A | 100.0 |   7.0
       Dungeon | 100.0 | 100.0 |   N/A |   N/A | 100.0 |   7.0
               +-------+-------+-------+-------+-------+----------------------

Table legend: (Time is in decaauts)
 A = Elapsed time spent in this place.
 B = Non-inter-level travel time spent in this place.
 C = Inter-level travel time spent in this place.
 D = Time resting spent in this place.
 E = Time spent auto-exploring this place.
 F = Levels seen in this place.
 G = Mean time per level.
                   A        B        C        D        E       F      G
               +--------+--------+--------+--------+--------+-----+--------+
         Total |    169 |    169 |      0 |     74 |     53 |   1 |  169.0 |
       Dungeon |    169 |    169 |      0 |     74 |     53 |   1 |  169.0 |
               +--------+--------+--------+--------+--------+-----+--------+

Top non-repeatable levels by time:
     D:1: 169 daAuts
